 Dungeon Crawl Stone Soup version 0.16-a0-922-gae79c9c (webtiles) character file.

39 RobertPalmer the Scratcher (level 3, -2/14 HPs)
             Began as a Felid Ice Elementalist on Sept 30, 2014.
             Slain by a worm (7 damage)
             ... on Level 2 of the Dungeon.
             The game lasted 00:04:23 (2706 turns).

RobertPalmer the Scratcher (Felid Ice Elementalist) Turns: 2706, Time: 00:04:23

HP  -2/14        AC  1     Str  4      XL: 3   Next: 26%
MP  16/17        EV 18     Int 16      God:
Gold 48          SH  0     Dex 17      Spells:  2 memorised,  2 levels left
Lives: 0, deaths: 0

rFire  . . .     SeeInvis +       - Unarmed
rCold  . . .     Clarity  .     (armour unavailable)
rNeg   . . .     rCorr    .     (shield unavailable)
rPois  .         rRot     .     (helmet unavailable)
rElec  .         Spirit   .     (cloak unavailable)
SustAb .         Warding  .     (gloves unavailable)
rMut   .         Stasis   .     (boots unavailable)
Gourm  .                        (no amulet)
MR     .....                    (no ring)
                                q - ring of magical power

@: quick, not resistant to hostile enchantments, fairly stealthy
A: paw claws, no armour, no weapons or thrown items, fangs 3, see invisible,
carnivore 3, speed 1, shaggy fur 1, slow metabolism 1, jump 1
a: Jump Attack


You were on level 2 of the Dungeon.
You were completely stuffed.

You visited 1 branch of the dungeon, and saw 2 of its levels.

You collected 48 gold pieces.


Innate Abilities, Weirdness & Mutations

You cannot wear armour.
You are incapable of wielding weapons or throwing items.
Your paws have sharp claws.
You have razor-sharp teeth.
You have supernaturally acute eyesight.
You are carnivorous and can eat meat at any time.
You cover ground quickly.
You are covered in fur (AC +1).
You have a slow metabolism.
You can jump attack at a short distance.


   Skills:
 - Level 2.6 Dodging
 - Level 2.6 Stealth
 + Level 3.0 Unarmed Combat
 - Level 2.0 Spellcasting
   Level 0.8 Conjurations
 - Level 2.6 Ice Magic


You had 2 spell levels left.
You knew the following spells:

 Your Spells              Type           Power        Failure   Level  Hunger
a - Ozocubu's Armour      Chrm/Ice       #.......     38%         3    ####...
z - Freeze                Ice            ##..         10%         1    #......

Inventory:

Comestibles
 c - 2 meat rations
 f - a beef jerky
 m - a royal jelly
 r - a rotting chunk of adder flesh {@*1}
Scrolls
 e - a scroll of amnesia {unknown}
 j - a scroll of fear {unknown}
 k - a scroll of remove curse {unknown}
Jewellery
 h - a cursed ring of teleportation
 q - a ring of magical power (left paw)
Potions
 g - 2 potions of restore abilities {unknown}
 i - 2 potions of curing {unknown}
 l - 2 potions of cancellation {unknown}
 p - a potion of beneficial mutation {unknown}
Books
 b - a book of Frost

Dungeon Overview and Level Annotations

Branches:
Dungeon (2/15)

Altars:

########.## #.# ##.## #.# #.# #.#
#w# #.# #.# ##(## ###.##### #.#
#### ##...## #.......# #.#
...###.....## ##.#.###.###.###
##.##.......## ##..#.# #........
##.#.........####w..#)###..##.#..
...'(........+..@................
.#.#.........####....####..##....
.#.##.......## ##...# #..#####.
.#.###.....## ##..####........
...# ##...## #.......####### .###
##+## ##.###### # .# #.# #.# # .#
#.# #.# # .# ##.######## #.# #


You could see a worm.


Message History

There is an open door here.
You aren't carrying any items that can be evoked.
Unknown command.
Drop what? (_ for help) (? for menu, Esc to quit)
You drop a beef jerky.
f - a beef jerky Drop what? (_ for help) (? for menu, Esc to quit)
You drop 4 tomahawks.
Aiming: Freeze
Aim: a worm You miscast Freeze.
You are very lightly contaminated with residual magic.
Nothing appears to happen.
The worm bites you!
Ouch! That really hurt!
* * * LOW HITPOINT WARNING * * *
Unknown command.
There is an open door here.
You see here 4 tomahawks.
There is a stone staircase leading down here.
Your magical contamination has completely faded away.
You close the door.
You start resting.
A worm is nearby!
Aiming: Freeze
Aim: a worm (hasn't noticed you)
You freeze the worm.
The worm is lightly wounded.
The worm bites you!
Ouch! That really hurt!
You die...

Action                   || total
-------------------------++-------
Melee: Unarmed           ||    67
 Cast: Freeze            ||    15
       Ozocubu's Armour  ||     1
  Use: Scroll            ||     2
 Stab: Sleeping          ||     5
  Eat: Chunk             ||    11

Vault maps used:
D:1:      minmay_arrival_open_corners, roderic_filled_cross,
          serial_park_tiny_pond
D:2:      grunt_ministairs_12

Notes
Turn   | Place    | Note
--------------------------------------------------------------
     0 | D:1      | RobertPalmer, the Felid Ice Elementalist, began the quest for the Orb.
     0 | D:1      | Reached XP level 1. HP: 7/7 MP: 4/4
   308 | D:1      | Reached skill level 1 in Unarmed Combat
   606 | D:1      | Reached XP level 2. HP: 9/11 MP: 5/5
   864 | D:1      | Reached skill level 2 in Unarmed Combat
  2151 | D:2      | Reached XP level 3. HP: 12/14 MP: 8/8
  2267 | D:2      | Reached skill level 3 in Unarmed Combat
  2294 | D:2      | Learned a level 3 spell: Ozocubu's Armour
  2303 | D:2      | HP: 1/14 [worm (9)]
  2706 | D:2      | Slain by a worm

Vanquished Creatures
  An adder (D:2)
  2 giant cockroaches
  3 hobgoblins
  2 quokkas (D:2)
  2 ball pythons (D:1)
  3 bats
  2 giant geckos (D:1)
  3 giant newts
  4 goblins
  2 kobolds
  8 rats
32 creatures vanquished.
